General information
- name: BNet
- type: Ladder team game (AT/RT)
- host: Battle.net
- saver: FLAMESTRIKEKID
map: Deadlands
- players: 8
- length: 28:27
- speed: Fast
- version: 1.26 W3XP
- replay type: Public
» download(157 KB)
Players
team 1 (loser)
IAMASTRONAUT (
teal | 51 APM | 1041 actions | 20:26)
3 Dreadlord
1 Sleep
2 Vampiric Aura
1 Death Knight
1 Unholy Aura
» actions
| Basic commands | 7 | |
| Build / train | 50 | |
| Enter build submenu | 24 | |
| Enter hero's abilities submenu | 4 | |
| Give item / drop item | 3 | |
| Remove unit from queue | 1 | |
| Right click | 664 | |
| Select / deselect | 247 | |
| Use ability | 41 | |
1041 total
» units
| Acolyte | 8 | |
| Ghoul | 11 | |
| Frost Wyrm | 7 | |
26 total
» upgrades
| Creature Attack | 3 | |
| Creature Carapace | 3 | |
| Freezing Breath | 1 | |
7 total
» buildings
| Altar of Darkness | 1 | |
| Ziggurat | 9 | |
| Crypt | 1 | |
| Tomb of Relics | 2 | |
| Graveyard | 1 | |
| Necropolis | 1 | |
| Halls of the Dead | 1 | |
| Spirit Tower | 2 | |
| Nerubian Tower | 1 | |
| Black Citadel | 1 | |
| Sacrificial Pit | 1 | |
| Boneyard | 3 | |
24 total
» build order
00:10 Altar of Darkness
00:13 Ziggurat
00:36 Crypt
01:00 Tomb of Relics
01:12 Ziggurat
03:34 Ziggurat
04:07 Graveyard
04:42 Necropolis
04:52 Ziggurat
04:59 Ziggurat
05:35 Halls of the Dead
06:35 Ziggurat
06:41 Ziggurat
06:43 Tomb of Relics
06:46 Spirit Tower
07:46 Nerubian Tower
07:57 Black Citadel
08:04 Sacrificial Pit
10:29 Spirit Tower
10:36 Boneyard
10:41 Boneyard
10:43 Boneyard
12:14 Ziggurat
15:22 Ziggurat
» items
| Rod of Necromancy | 2 | |
| Potion of Healing | 1 | |
| Dust of Appearance | 1 | |
| Scroll of Town Portal | 1 | |
5 total
NoEscape (
pink | 25 APM | 715 actions | 28:08)
5 Blademaster
2 Wind Walk
3 Critical Strike
4 Shadow Hunter
2 Hex
2 Healing Wave
2 Dreadlord
1 Sleep
1 Vampiric Aura
2 Death Knight
1 Death Coil
1 Unholy Aura
1 Mountain King
1 Bash
» actions
| Basic commands | 6 | |
| Build / train | 61 | |
| Enter build submenu | 18 | |
| Enter hero's abilities submenu | 14 | |
| Give item / drop item | 7 | |
| Remove unit from queue | 2 | |
| Right click | 303 | |
| Select / deselect | 218 | |
| Use ability | 86 | |
715 total
» units
| Peon | 10 | |
| Wind Rider | 9 | |
| Raider | 5 | |
| Rifleman | 2 | |
| Peasant | 2 | |
28 total
» upgrades
| Ranged Weapons | 2 | |
| Armor | 2 | |
| Pillage | 1 | |
| Ensnare | 1 | |
| Melee Weapons | 1 | |
| Envenomed Spears | 1 | |
| Reinforced Defenses | 1 | |
9 total
» buildings
| Orc Burrow | 7 | |
| Altar of Storms | 1 | |
| War Mill | 1 | |
| Voodoo Lounge | 1 | |
| Watch Tower | 5 | |
| Stronghold | 1 | |
| Beastiary | 2 | |
| Fortress | 1 | |
| Workshop | 1 | |
20 total
» build order
00:13 Orc Burrow
00:35 Altar of Storms
01:05 War Mill
01:28 Voodoo Lounge
02:22 Watch Tower
02:46 Stronghold
03:09 Watch Tower
03:29 Watch Tower
03:36 Orc Burrow
04:32 Orc Burrow
05:16 Beastiary
05:22 Beastiary
05:31 Watch Tower
08:21 Orc Burrow
08:24 Orc Burrow
09:38 Orc Burrow
09:43 Watch Tower
11:08 Fortress
12:52 Orc Burrow
26:11 Workshop
» items
| Healing Salve | 2 | |
| Lesser Clarity Potion | 1 | |
| Orb of Fire | 1 | |
4 total

»
HunterHero (
yellow | 47 APM | 932 actions | 19:50)
3 Mountain King
2 Storm Bolt
1 Bash
2 Paladin
1 Holy Light
1 Devotion Aura
» actions
| Assign group hotkey | 15 | |
| Build / train | 69 | |
| Enter build submenu | 31 | |
| Enter hero's abilities submenu | 5 | |
| Give item / drop item | 1 | |
| Right click | 530 | |
| Select / deselect | 174 | |
| Select group hotkey | 63 | |
| Use ability | 44 | |
932 total
» units
| Peasant | 20 | |
| Footman | 6 | |
| Priest | 4 | |
| Knight | 3 | |
| Sorceress | 4 | |
37 total
» upgrades
| Masonry | 1 | |
| Swords | 3 | |
| Defend | 1 | |
| Plating | 2 | |
| Lumber Harvesting | 1 | |
| Animal War Training | 1 | |
9 total
» buildings
| Altar of Kings | 1 | |
| Farm | 10 | |
| Barracks | 2 | |
| Lumber Mill | 1 | |
| Blacksmith | 1 | |
| Keep | 1 | |
| Scout Tower | 6 | |
| Arcane Vault | 1 | |
| Town Hall | 1 | |
| Arcane Sanctum | 1 | |
| Castle | 1 | |
| Guard Tower | 1 | |
| Arcane Tower | 4 | |
31 total
» build order
00:11 Altar of Kings
00:26 Farm
00:40 Barracks
01:17 Farm
01:53 Lumber Mill
02:17 Farm
03:01 Blacksmith
03:52 Keep
04:24 Farm
05:42 Scout Tower
05:57 Arcane Vault
06:24 Scout Tower
06:37 Town Hall
07:01 Scout Tower
07:13 Arcane Sanctum
07:31 Castle
07:47 Farm
08:32 Guard Tower
08:48 Scout Tower
09:18 Arcane Tower
09:28 Farm
10:04 Barracks
10:30 Farm
12:06 Scout Tower
13:03 Arcane Tower
14:26 Farm
15:12 Farm
16:01 Farm
19:20 Scout Tower
» items
| Scroll of Regeneration | 1 | |
| Scroll of Town Portal | 1 | |
2 total
team 2 (winner)

»
razre (
orange | 47 APM | 1345 actions | 28:26)
5 Blood Mage
3 Flame Strike
2 Siphon Mana
5 Paladin
3 Holy Light
2 Divine Shield
4 Mountain King
2 Storm Bolt
2 Bash
» actions
| Basic commands | 1 | |
| Build / train | 76 | |
| ESC pressed | 3 | |
| Enter build submenu | 19 | |
| Enter hero's abilities submenu | 14 | |
| Give item / drop item | 5 | |
| Right click | 757 | |
| Select / deselect | 393 | |
| Use ability | 77 | |
1345 total
» units
| Peasant | 14 | |
| Rifleman | 4 | |
| Siege Engine | 6 | |
| Flying Machine | 17 | |
41 total
» upgrades
| Gunpowder | 3 | |
| Plating | 3 | |
| Lumber Harvesting | 1 | |
| Barrage | 1 | |
| Flying Machine Bombs | 1 | |
| Flak Cannons | 1 | |
10 total
» buildings
| Altar of Kings | 1 | |
| Farm | 13 | |
| Barracks | 1 | |
| Blacksmith | 1 | |
| Arcane Vault | 1 | |
| Lumber Mill | 1 | |
| Scout Tower | 2 | |
| Guard Tower | 1 | |
| Keep | 1 | |
| Castle | 1 | |
| Workshop | 2 | |
| Town Hall | 3 | |
28 total
» build order
00:06 Altar of Kings
00:11 Farm
00:48 Barracks
01:32 Blacksmith
01:42 Farm
01:51 Arcane Vault
02:06 Farm
02:14 Lumber Mill
03:02 Scout Tower
03:03 Scout Tower
03:10 Farm
04:57 Guard Tower
04:58 Keep
05:03 Farm
05:04 Farm
07:02 Farm
07:05 Farm
07:22 Castle
08:51 Workshop
09:35 Workshop
10:42 Farm
10:42 Farm
10:47 Farm
10:47 Farm
10:47 Farm
14:34 Town Hall
21:49 Town Hall
26:37 Town Hall
» items
| Lesser Clarity Potion | 1 | |
| Scroll of Regeneration | 2 | |
| Scroll of Town Portal | 2 | |
5 total
Immortal_Abath (
blue | 40 APM | 1118 actions | 28:13)
5 Mountain King
2 Storm Bolt
3 Thunder Clap
1 Archmage
1 Brilliance Aura
1 Paladin
1 Devotion Aura
» actions
| Assign group hotkey | 20 | |
| Basic commands | 2 | |
| Build / train | 69 | |
| Enter build submenu | 28 | |
| Enter hero's abilities submenu | 7 | |
| Give item / drop item | 4 | |
| Remove unit from queue | 2 | |
| Right click | 419 | |
| Select / deselect | 292 | |
| Select group hotkey | 210 | |
| Use ability | 65 | |
1118 total
» units
| Peasant | 14 | |
| Rifleman | 4 | |
| Mortar Team | 3 | |
| Siege Engine | 6 | |
27 total
» upgrades
| Gunpowder | 3 | |
| Armor | 2 | |
| Lumber Harvesting | 1 | |
| Masonry | 2 | |
| Fragmentation Shards | 1 | |
| Flare | 1 | |
| Barrage | 1 | |
| Plating | 3 | |
| Flying Machine Bombs | 0 | |
14 total
» buildings
| Farm | 17 | |
| Blacksmith | 1 | |
| Altar of Kings | 1 | |
| Barracks | 1 | |
| Lumber Mill | 1 | |
| Arcane Vault | 1 | |
| Scout Tower | 8 | |
| Keep | 1 | |
| Guard Tower | 5 | |
| Town Hall | 2 | |
| Workshop | 3 | |
| Castle | 1 | |
| Arcane Tower | 0 | |
42 total
» build order
00:14 Farm
00:15 Farm
00:55 Blacksmith
01:07 Altar of Kings
01:36 Barracks
01:51 Lumber Mill
02:08 Farm
02:28 Arcane Vault
02:56 Farm
03:14 Scout Tower
03:52 Keep
04:02 Guard Tower
04:04 Scout Tower
04:16 Scout Tower
05:59 Town Hall
06:06 Scout Tower
06:31 Scout Tower
07:03 Farm
07:07 Farm
07:16 Guard Tower
07:19 Guard Tower
07:23 Scout Tower
07:24 Scout Tower
07:27 Scout Tower
07:45 Workshop
07:47 Workshop
08:12 Guard Tower
08:46 Farm
08:48 Farm
08:51 Guard Tower
09:43 Castle
11:59 Workshop
15:41 Farm
16:13 Arcane Tower
16:44 Farm
17:08 Farm
17:41 Farm
17:42 Farm
17:43 Farm
25:05 Farm
25:08 Farm
25:14 Farm
25:30 Town Hall
» items
| Scroll of Regeneration | 2 | |
| Orb of Fire | 1 | |
| Potion of Healing | 3 | |
| Scroll of Town Portal | 1 | |
| Lesser Clarity Potion | 1 | |
| Potion of Mana | 1 | |
9 total
FLAMESTRIKEKID (
red | 67 APM | 1908 actions | 28:27)
7 Blood Mage
3 Flame Strike
3 Siphon Mana
1 Summon Phoenix
» actions
| Assign group hotkey | 82 | |
| Basic commands | 45 | |
| Build / train | 75 | |
| Enter build submenu | 13 | |
| Enter hero's abilities submenu | 7 | |
| Give item / drop item | 5 | |
| Right click | 797 | |
| Select / deselect | 208 | |
| Select group hotkey | 506 | |
| Use ability | 170 | |
1908 total
» units
| Peasant | 8 | |
| Footman | 5 | |
| Sorceress | 12 | |
25 total
» upgrades
| Lumber Harvesting | 1 | |
| Masonry | 1 | |
| Sorceress Training | 2 | |
4 total
» buildings
| Altar of Kings | 1 | |
| Barracks | 1 | |
| Farm | 8 | |
| Scout Tower | 1 | |
| Arcane Vault | 4 | |
| Arcane Tower | 1 | |
| Keep | 1 | |
| Lumber Mill | 1 | |
| Arcane Sanctum | 2 | |
| Castle | 1 | |
21 total
» build order
00:08 Altar of Kings
00:21 Barracks
00:37 Farm
00:51 Farm
01:31 Farm
01:45 Scout Tower
02:11 Arcane Vault
02:41 Arcane Tower
03:20 Keep
05:09 Lumber Mill
05:13 Farm
05:14 Farm
05:15 Farm
05:16 Farm
05:17 Farm
05:44 Arcane Sanctum
05:44 Arcane Sanctum
05:47 Castle
19:20 Arcane Vault
25:42 Arcane Vault
26:06 Arcane Vault
» items
| Scroll of Regeneration | 7 | |
| Potion of Invisibility | 1 | |
| Staff of Teleportation | 1 | |
| Lesser Clarity Potion | 5 | |
| Potion of Mana | 9 | |
| Potion of Healing | 6 | |
| Scroll of Town Portal | 4 | |
| Orb of Fire | 1 | |
34 total

»
Oldmanswag (
green | 52 APM | 1483 actions | 28:26)
5 Death Knight
3 Death Coil
2 Unholy Aura
3 Lich
2 Frost Nova
1 Frost Armor
» actions
| Assign group hotkey | 48 | |
| Basic commands | 99 | |
| Build / train | 66 | |
| Enter build submenu | 22 | |
| Enter hero's abilities submenu | 8 | |
| Give item / drop item | 1 | |
| Remove unit from queue | 1 | |
| Right click | 487 | |
| Select / deselect | 350 | |
| Select group hotkey | 335 | |
| Use ability | 66 | |
1483 total
» units
| Acolyte | 10 | |
| Ghoul | 4 | |
| Crypt Fiend | 5 | |
| Obsidian Statue | 3 | |
| Banshee | 6 | |
| Voidwalker | 1 | |
| Gargoyle | 6 | |
| Frost Wyrm | 3 | |
38 total
» upgrades
| Creature Attack | 3 | |
| Creature Carapace | 2 | |
| Banshee Training | 2 | |
| Cannibalize | 1 | |
| Web | 1 | |
| Burrow | 1 | |
| Backpack | 1 | |
| Freezing Breath | 1 | |
12 total
» buildings
| Crypt | 2 | |
| Graveyard | 1 | |
| Ziggurat | 8 | |
| Altar of Darkness | 1 | |
| Tomb of Relics | 1 | |
| Halls of the Dead | 1 | |
| Slaughterhouse | 2 | |
| Temple of the Damned | 1 | |
| Necropolis | 2 | |
| Black Citadel | 1 | |
| Sacrificial Pit | 1 | |
| Boneyard | 2 | |
23 total
» build order
00:10 Crypt
00:15 Graveyard
00:40 Ziggurat
00:59 Altar of Darkness
01:46 Ziggurat
02:48 Tomb of Relics
04:07 Halls of the Dead
04:09 Crypt
05:14 Ziggurat
05:58 Ziggurat
06:54 Slaughterhouse
06:56 Temple of the Damned
07:57 Necropolis
09:33 Black Citadel
11:25 Sacrificial Pit
11:28 Slaughterhouse
11:36 Ziggurat
12:54 Boneyard
12:55 Boneyard
14:18 Ziggurat
15:05 Ziggurat
15:06 Ziggurat
22:14 Necropolis
» items
| Rod of Necromancy | 1 | |
| Scroll of Town Portal | 2 | |
3 total
Chat log
(01:02 / All) IAMASTRONAUT: D
(01:26 / Allies) Oldmanswag: fast mine yo
(01:28 / All) IAMASTRONAUT: D
(01:28 / All) IAMASTRONAUT: D
(03:10 / Allies) FLAMESTRIKEKID: mommy wow
(03:15 / Allies) FLAMESTRIKEKID: im a big boy now
(03:59 / Allies) Oldmanswag: anyone?
(06:18 / Allies) Oldmanswag: kill dogs
(07:01 / Allies) Oldmanswag: yes
(07:43 / All) IAMASTRONAUT: swag
(09:02 / Allies) Oldmanswag: atke mine
(11:56 / All) FLAMESTRIKEKID: nigger hacker
(12:49 / Allies) Immortal_Abath: ho needs gold?
(12:57 / Allies) Oldmanswag: sure
(13:31 / Allies) Oldmanswag: b
(13:40 / Allies) Oldmanswag: bAAAAAAAAAAAAAAACK
(14:19 / Allies) Immortal_Abath: wood plz
(14:21 / Allies) razre: wood plz
(14:35 / Allies) razre: ty
(16:36 / Allies) Oldmanswag: meet
(16:52 / Allies) Oldmanswag: make sure the battle is 4v4
(17:21 / Allies) Immortal_Abath: meet?
(17:23 / All) FLAMESTRIKEKID: dat mh is serving u well teal
(17:29 / All) IAMASTRONAUT: suck
(17:38 / Allies) Oldmanswag: tp
(17:41 / Allies) Oldmanswag: get rdy
(17:51 / Allies) Oldmanswag: two ppl massed tanks?
(17:53 / Allies) razre: tp
(18:04 / Allies) Oldmanswag: tp
(19:05 / Allies) razre: blue tank 1 side ill tank the other
(19:14 / Allies) Oldmanswag: push left
(19:24 / Allies) Oldmanswag: rebuild mines
(19:43 / Allies) Oldmanswag: towers
(19:50 / All) Oldmanswag: this dawg lags errry game
(21:53 / Allies) Oldmanswag: gj
(21:57 / Allies) Oldmanswag: regroup they are two bases down
(21:59 / All) FLAMESTRIKEKID: u know it wouldnt hurt for ur team to expo
(22:28 / All) Oldmanswag: gee gee
(22:40 / Allies) Oldmanswag: stay defensive
(22:42 / Allies) Oldmanswag: they fucked
(23:39 / All) FLAMESTRIKEKID: wow all be
(23:48 / All) FLAMESTRIKEKID: the predator has become the prey
(24:02 / All) Oldmanswag: cute analogy
(25:13 / All) Oldmanswag: starrrrrrrve mfs starve
(28:13 / All) Oldmanswag: u mean a loss
(28:22 / All) FLAMESTRIKEKID: u dont get a loss if ur team wins